 Dungeon Crawl Stone Soup version 0.29.0-5-ge4962eb29e (webtiles) character file.

Game seed: 5043585793256321590

336 xian the Slasher (level 6, -5/53 HPs)
             Began as a Draconian Abyssal Knight on Aug 30, 2022.
             Was an Elder of Lugonu.
             Slain by rumses's ghost (12 damage)
             ... on level 3 of the Dungeon.
             The game lasted 00:09:48 (4437 turns).

xian the Slasher (Draconian Abyssal Knight)         Turns: 4437, Time: 00:09:49

Health: -5/53      AC:  9    Str: 19    XL:     6   Next: 28%
Magic:  16/16      EV: 13    Int: 11    God:    Lugonu [****..]
Gold:   102        SH:  0    Dex: 11    Spells: 5/5 levels left

rFire   . . .      SeeInvis .   m - +0 long sword of Burghuf {venom, Str+2}
rCold   . . .      Faith    +   (no shield)
rNeg    . . .      Spirit   .   (body armour unavailable)
rPois   .          Reflect  .   (helmet restricted)
rElec   .          Harm     .   (no cloak)
rCorr   .          Rampage  .   (no gloves)
Will    .....                   c - +2 pair of boots
Stlth   ++........              i - amulet of faith
HPRegen 0.17/turn               a - ring of magical power
MPRegen 0.15/turn               (no ring)

@: no status effects
A: AC +6, unfitting armour, cold-blooded
a: Renounce Religion, Depart the Abyss, Bend Space, Banish, Corrupt


You were on level 3 of the Dungeon.
You worshipped Lugonu.
Lugonu was greatly pleased with you.
You visited 1 branch of the dungeon, and saw 3 of its levels.
You visited the Abyss 1 time.

You collected 102 gold pieces.

Inventory:

Hand Weapons
 m - the +0 long sword of Burghuf (weapon) {venom, Str+2}
   (You found it on level 3 of the Dungeon)

   It poisons the flesh of those it strikes.
   Str:       It affects your strength (+2).
Missiles
 o - 5 poisoned darts (quivered)
Armour
 c - a +2 pair of boots (worn)
Jewellery
 a - a ring of magical power (left hand)
 i - an amulet of faith (around neck)
Wands
 n - a wand of digging (2)
 q - a wand of quicksilver (8)
Scrolls
 g - 2 scrolls of magic mapping
 l - a scroll of vulnerability
 p - 2 scrolls of teleportation
Potions
 b - a potion of berserk rage {unknown}
 d - 2 potions of mutation
 e - a potion of heal wounds
 f - a potion of curing {unknown}
 h - a potion of invisibility {unknown}
 j - a potion of degeneration {unknown}
 k - a potion of lignification {unknown}


   Skills:
 + Level 4.5 Fighting
 + Level 4.6 Long Blades
 + Level 3.7 Dodging
 + Level 1.2 Stealth
 + Level 2.1 Invocations


You had 5 spell levels left.
You didn't know any spells.
Your spell library contained the following spells:

 Spells                   Type           Power      Damage    Failure   Level
 Apportation              Tloc           0%         N/A       34%         1
 Freeze                   Ice            0%         1d3       34%         1
 Necrotise                Necr           0%         1d4       34%         1
 Summon Small Mammal      Summ           0%         N/A       34%         1
 Sublimation of Blood     Necr           0%         N/A       47%         2
 Wereblood                Tmut           0%         N/A       47%         2
 Frozen Ramparts          Ice            0%         1d1       71%         3
 Vampiric Draining        Necr           0%         2d6       71%         3
 Hailstorm                Conj/Ice       0%         3d3       98%         4
 Olgreb's Toxic Radiance  Pois           0%         N/A       98%         4
 Agony                    Necr           0%         N/A       100%        5
 Ozocubu's Refrigeration  Ice            0%         4d7       100%        7
 Summon Hydra             Summ           0%         N/A       100%        7
 Ignition                 Fire           0%         3d3       100%        8


Dungeon Overview and Level Annotations

Branches:
Dungeon (3/15)

Altars:
Zin

Shops:
D:2 ==

Annotations:
D:3 rumses's ghost, amateur HOFi


Innate Abilities, Weirdness & Mutations

Your plain brown scales are hard. (AC +6)
You cannot fit into any form of body armour.
You are cold-blooded and may be slowed by cold attacks.


Message History

You closely miss rumses's ghost.
Rumses's ghost is heavily damaged.
Rumses's ghost hits you but does no damage.
Rumses's ghost hits you!
* * * LOW HITPOINT WARNING * * *
You barely miss rumses's ghost.
You tail-slap rumses's ghost, but do no damage.
Rumses's ghost is heavily damaged.
Rumses's ghost barely misses you.
Okay, then.
Okay, then.
It was a potion of heal wounds.
You feel much better. Rumses's ghost barely misses you.
You slash rumses's ghost!
Rumses's ghost is severely damaged.
Rumses's ghost closely misses you.
You hit rumses's ghost but do no damage.
You tail-slap rumses's ghost.
Rumses's ghost is almost destroyed.
Rumses's ghost hits you!
You hit rumses's ghost but do no damage.
You tail-slap rumses's ghost, but do no damage.
Rumses's ghost is almost destroyed.
Rumses's ghost ripples.
Rumses's ghost closely misses you.
You hit rumses's ghost but do no damage.
Rumses's ghost is almost destroyed.
Rumses's ghost closely misses you. Rumses's ghost barely misses you.
You hit rumses's ghost but do no damage.
Rumses's ghost is almost destroyed.
Rumses's ghost hits you!
You barely miss rumses's ghost.
You tail-slap rumses's ghost, but do no damage.
Rumses's ghost is almost destroyed.
Rumses's ghost hits you!
* * * LOW HITPOINT WARNING * * *
You hit rumses's ghost but do no damage.
Rumses's ghost is almost destroyed.
Rumses's ghost hits you!
You die...

...####### *,*
.........# *,*
.........# *,*
.........#
##########
.........#
##..#.....#
...#######
#...'~~~~[# ...#
#...#.....# ...##
#W######### ....#
#.@####.###########
###.#
##.................
#.#
##################
#.# #.# #.# ###.#
....# #####


You could see rumses's ghost.

Vanquished Creatures
  Grinder (D:3)
  Robin (D:3)
  4 adders
  A worm (D:3)
  A dart slug (D:1)
  11 endoplasms
  A giant cockroach (D:1)
  15 goblins
  11 hobgoblins
  4 jackals (D:1)
  8 kobolds
  3 quokkas
  8 ball pythons
  7 bats
  5 frilled lizards
  6 rats
87 creatures vanquished.

Vanquished Creatures (others)
  10 plants (D:1)
10 creatures vanquished.

Grand Total: 97 creatures vanquished

Notes
Turn   | Place    | Note
-------+----------+-------------------------------------------
     0 | Abyss:1  | xian the Draconian Abyssal Knight began the quest for the
                  | Orb.
     0 | Abyss:1  | Reached XP level 1. HP: 19/19 MP: 2/2
     1 | D:1      | Escaped the Abyss
    70 | D:1      | Reached XP level 2. HP: 26/26 MP: 3/3
   228 | D:1      | Found a faded altar of an unknown god.
   992 | D:1      | Reached XP level 3. HP: 33/33 MP: 4/4
   994 | D:1      | Reached *** piety under Lugonu
  1807 | D:2      | Reached XP level 4. HP: 37/40 MP: 5/5
  1888 | D:2      | Found Peudwukya's Jewellery Shop.
  2398 | D:2      | Found Wapyoxucw's Jewellery Emporium.
  2851 | D:3      | Noticed Grinder
  2857 | D:3      | Paralysed by Grinder for 2 turns
  2879 | D:3      | Killed Grinder
  2880 | D:3      | Reached skill level 1 in Stealth
  2880 | D:3      | Reached XP level 5. HP: 8/47 MP: 6/6
  2880 | D:3      | Reached XP level 6. HP: 9/53 MP: 7/7
  3169 | D:3      | Identified the +0 long sword of Burghuf {venom, Str+2}
  3177 | D:3      | Reached **** piety under Lugonu
  3572 | D:3      | Noticed Robin
  3599 | D:3      | Killed Robin
  3997 | D:3      | Found a glowing silver altar of Zin.
  4403 | D:3      | Found a runed translucent door.
  4408 | D:3      | Noticed rumses's ghost (amateur HOFi)
  4437 | D:3      | Slain by rumses's ghost

Illustrated notes

Levels and vault maps discovered:
D:1:      arrival_zaba_pyramid, layout_basic, hellmonk_ecumenical_altar_zigzags,
          minmay_door_square, lexackson_kobold_supper
D:2:      layout_basic, serial_shops, nicolae_shop_stone, shop,
          minmay_crystal_water
D:3:      layout_basic, zin_scriptorium, ebering_ghost_reflecting_pool,
          uniq_robin, uniq_grinder

Skill      XL: |  1  2  3  4 |
---------------+-------------+-----
Fighting       | 4 |  4.5
Long Blades    | 3 4 |  4.6
Dodging        | 3 |  3.7
Stealth        | 1 |  1.2
Invocations    | |  2.1

Action                   |  1- 3 |  4- 6 || total
-------------------------+-------+-------++-------
Melee: Falchion          |   128 |    44 ||   172
       Tailslap          |    20 |    20 ||    40
       Punch             |     2 |       ||     2
       Long sword        |       |    83 ||    83
Evoke: Wand              |       |     1 ||     1
  Use: Scroll            |       |    11 ||    11
       Potion            |       |     1 ||     1
 Stab: Sleeping          |     1 |     1 ||     2
Armor: Skin              |    52 |    67 ||   119
Dodge: Dodged            |    84 |   104 ||   188
